 Dungeon Crawl Stone Soup version 0.30.1-9-gdf580d7c3d (webtiles) character file.

Game seed: 1974288620432343319

17 KittyFluff the Trooper (level 2, -1/19 HPs)
             Began as a Gargoyle Berserker on Oct 16, 2023.
             Was a Follower of Trog.
             Slain by Sigmund
             ... wielding a +2 scythe of flaming
              (2 damage)
             ... on level 2 of the Dungeon.
             The game lasted 00:03:16 (962 turns).

KittyFluff the Trooper (Gargoyle Berserker)          Turns: 962, Time: 00:03:17

Health: -1/19      AC:  6    Str: 20    XL:     2   Next: 62%
Magic:  2/2        EV: 11    Int:  7    God:    Trog [*.....]
Gold:   110        SH:  0    Dex:  9    Spells: 1/1 levels left

rFire   . . .        a - +0 mace
rCold   . . .        (no shield)
rNeg    + . .        f - +0 leather armour
rPois   ∞            (no helmet)
rElec   +            (no cloak)
rCorr   .            (no gloves)
SInv    .            (no boots)
Will    .....        (no amulet) Stlth
                     (no ring)
HPRegen 0.23/turn    (no ring)
MPRegen 0.08/turn

%: no passive effects
@: confused
A: sickness immunity, AC +2, negative energy resistance 1, electricity
resistance, torment resistance 1, petrification resistance
a: Renounce Religion, Berserk


You were on level 2 of the Dungeon.
You worshipped Trog.
Trog was aware of your devotion.
You visited 1 branch of the dungeon, and saw 2 of its levels.

You collected 110 gold pieces.

Inventory:

Hand Weapons
 a - a +0 mace (weapon)
Missiles
 c - 5 poisoned darts (quivered)
Armour
 f - a +0 leather armour (worn)
Scrolls
 b - a scroll of identify {unknown}
 d - a scroll of teleportation {unknown}
 g - a scroll of blinking {unknown}
Potions
 e - a potion of flight {unknown}


   Skills:
 + Level 3.5 Fighting
 * Level 3.3 Maces & Flails
 * Level 2.6 Armour
 + Level 1.7 Dodging


You had one spell level left.
You didn't know any spells.
Your spell library was empty.

Dungeon Overview and Level Annotations

Branches:
Dungeon (2/15)

Altars:

Annotations:
D:2 Sigmund


Innate Abilities, Weirdness & Mutations

You are immune to sickness and miasma.
Your stone body is resilient. (AC +2)
You are immune to poison.
You resist negative energy. (rN+)
You are resistant to electric shocks. (rElec)
You are resistant to unholy torment.
You are immune to petrification.


Message History

You sock the kobold!
You kill the kobold!
Trog accepts your kill.
Things that are here:
a +0 short sword; a stone; a kobold corpse
Found a stone staircase leading down.
Found a chain mail.
You see here a +0 chain mail.
Sigmund the Dreaded comes into view.
He is wielding a +2 scythe of flaming and wearing a +1 robe of willpower.
Sigmund shouts!
Sigmund points at you and mumbles some strange words.
You resist with significant effort. Sigmund gestures at you while chanting.
You resist with significant effort. Sigmund gestures at you while chanting.
You resist with significant effort.
Throw: 6 darts (poison)
Press: ? - help, Q - select action Shift-Dir - straight line, f - Sigmund
Aim: Sigmund, wielding a +2 scythe of flaming and wearing a +1 robe of willpower (50% to hit)
You throw a poisoned dart. The poisoned dart hits Sigmund.
Sigmund is poisoned.
Sigmund casts a spell.
Sigmund flickers and vanishes!
Deactivating autopickup; reactivate with Ctrl-A.
A magic dart appears from out of thin air!
The magic dart hits you.
You hear some strange, mumbled words.
Something tries to affect you, but you resist.
You hear some strange, mumbled words.
A magic dart appears from out of thin air!
The magic dart hits you.
You barely miss something. Something hits you. Something burns you.
You miss something.
You hear some strange, mumbled words.
You are confused.
You hear some strange, mumbled words.
You are more confused.
Something hits you!
* * * LOW HITPOINT WARNING * * *
Something burns you.
You die...

#.......# #.#####.#
#...# #.# #...# #.#
#...# #[#############
###.### #..............
##.#.##########.........
#.......................
#..#.##########.@..(...#
#..#.# #.....{......#
#....# #.####.......#
#..### .. #.......+
...### ... #.......#
.....+... .........
.#####.. ######### ## .
##


There were no monsters in sight!

Vanquished Creatures
  3 bats (D:1)
  2 endoplasms (D:1)
  A giant cockroach (D:1)
  3 goblins (D:1)
  A hobgoblin (D:2)
  A kobold (D:2)
  2 quokkas (D:1)
  A frilled lizard (D:1)
14 creatures vanquished.

Notes
Turn   | Place    | Note
-------+----------+-------------------------------------------
     0 | D:1      | KittyFluff the Gargoyle Berserker began the quest for the
                  | Orb.
     0 | D:1      | Reached XP level 1. HP: 14/14 MP: 1/1
   337 | D:1      | Reached XP level 2. HP: 12/19 MP: 2/2
   434 | D:1      | Found a faded altar of an unknown god.
   945 | D:2      | Noticed Sigmund
   962 | D:2      | Slain by Sigmund

Illustrated notes

Levels and vault maps discovered:
D:1:      nzn_arrival_depleted_hourglass, layout_basic, basic_ecumenical_altar
D:2:      layout_basic, minmay_circled_x, uniq_sigmund

Action                     || total
---------------------------++-------
  Melee: Mace              ||    52
  Throw: Dart              ||     1
 Armour: Leather armour    ||    28
         Animal skin       ||     7
  Dodge: Dodged            ||    30
